 Dungeon Crawl Stone Soup version 0.24.0-13-gcf9b3192b9 (console) character file.

Game seed: 5009915822989955305, levelgen mode: deterministic

1871 AlterAsc the Insei (level 9, -6/46 HPs)
             Began as a Vine Stalker Transmuter on Nov 7, 2019.
             Was an Initiate of Ashenzari.
             Mangled by an ogre
             ... wielding a +0 giant club
              (13 damage)
             ... on level 7 of the Dungeon.
             The game lasted 00:18:53 (4977 turns).

AlterAsc the Insei (Vine Stalker Transmuter)        Turns: 4977, Time: 00:18:53

Health: -6/46      AC: 11    Str: 15    XL:     9   Next: 13%
Magic:  0/18       EV:  4    Int: 13    God:    Ashenzari [......]
Gold:   389        SH:  0    Dex: 20    Spells: 15/18 levels left

rFire    x . .     SeeInvis .     - Unarmed
rCold    + + .     Gourm    .   (no shield)
rNeg     + + +     Faith    .   G - +0 plate armour
rPois    .         Spirit   +   I - +0 helmet "Ymyem" {rC+ rN+++}
rElec    .         Reflect  .   (no cloak)
rCorr    .         Harm     .   (no gloves)
MR       +....                  (no boots)
Stlth    ..........             (no amulet)
HPRegen  0.55/turn              r - +4 ring of dexterity (curse)
MPRegen  0.16/turn              s - ring of ice

@: studying Invocations
A: fangs 3, regeneration 1, magic shield, antimagic bite, no potion heal 3, rot
immunity
a: Curse Item, Renounce Religion


You were on level 7 of the Dungeon.
You worshipped Ashenzari.
Ashenzari was noncommittal.
You were not hungry.

You visited 1 branch of the dungeon, and saw 7 of its levels.

You collected 389 gold pieces.

Inventory:

Missiles
 a - 155 arrows
Armour
 b - a +0 robe
 o - a +0 leather armour
 t - a +0 ring mail
 A - a +0 leather armour
 G - a +0 plate armour (worn)
 I - the +0 helmet "Ymyem" (worn) {rC+ rN+++}
   (You found it on level 6 of the Dungeon)

   It protects you from cold.
   It renders you almost immune to negative energy.
Jewellery
 r - a cursed +4 ring of dexterity (left hand)
 s - a ring of ice (right hand)
 F - an uncursed ring of flight
Wands
 v - a wand of digging (4)
 z - a wand of iceblast (11)
Scrolls
 c - 6 scrolls of identify
 g - 6 scrolls of teleportation
 l - a scroll of immolation {unknown}
 n - 2 scrolls of enchant armour
 p - 3 scrolls of amnesia
 q - 2 scrolls of fear {unknown}
 u - a scroll of noise {unknown}
 x - a scroll of random uselessness {unknown}
 y - 3 scrolls of fog
 C - 2 scrolls of remove curse
 D - a scroll of acquirement {unknown}
 E - 3 scrolls of blinking {unknown}
 H - 2 scrolls of enchant weapon {unknown}
 J - a scroll of brand weapon {unknown}
Potions
 e - a potion of invisibility {unknown}
 f - 4 potions of brilliance
 h - a potion of magic {unknown}
 i - 2 potions of haste
 j - 2 potions of might
 k - 4 potions of cancellation {unknown}
 w - a potion of resistance {unknown}
 B - a potion of heal wounds {unknown}
Books
 K - a manual of Invocations
Comestibles
 d - 12 rations


   Skills:
 + Level 4.4 Fighting
 + Level 1.9 Armour
 - Level 1.5 Dodging
 * Level 7.7 Unarmed Combat
 + Level 5.4 Spellcasting
 + Level 5.3 Transmutations


You had 15 spell levels left.
You knew the following spells:

 Your Spells              Type           Power        Failure   Level  Hunger
a - Beastly Appendage     Tmut           ###...       86%         1    None
b - Sticks to Snakes      Tmut           ###.....     95%         2    ##.....

Your spell library contained the following spells:

 Spells                   Type           Power        Failure   Level  Hunger
 Spider Form              Tmut/Pois      ##........   100%        3    ###....
 Ice Form                 Ice/Tmut       ###.....     100%        4    ####...
 Blade Hands              Tmut           ###.......   100%        5    ######.


Dungeon Overview and Level Annotations

Branches:
Dungeon (7/15)
 Temple: D:4-7

Altars:
Ashenzari
Elyvilon
Fedhas
Hepliaklqana
Kikubaaqudgha
Qazlal
Uskayaw
Wu Jian


Innate Abilities, Weirdness & Mutations

You have razor-sharp teeth.
Your natural rate of healing is unusually fast.
When hurt, damage is shared between your health and your magic reserves.
Your bite disrupts and absorbs the magic of your enemies.
Potions cannot restore your health.
You are immune to rotting.


Message History

The steam dragon bites you.
* * * LOW HITPOINT WARNING * * *
The steam dragon claws you but does no damage.
The centaur shoots an arrow.
The arrow hits you!
* * * LOW HITPOINT WARNING * * *
An ogre comes into view. It is wielding a +0 giant club.
The ogre shouts!
Found a stone staircase leading up.
Found an escape hatch in the floor.
Your surroundings suddenly seem different.
A worker ant comes into view.
A phantom comes into view.
Found a dark potion.
As you read the scroll of teleportation, it crumbles to dust.
You feel strangely unstable. The iguana bites you.
* * * LOW HITPOINT WARNING * * *
Your surroundings suddenly seem different.
The centaur unwields a +0 shortbow.
The centaur barely misses you. The ogre hits you with a +0 giant club!
You die...

#..g... ..#.#.<........
#......# .##.#...<.....#
#......##.##.#.......>..
#......... #...........#
#........# #..........# #
#......... #..........#...
#.....g.#.###..O.c..# ....
#......g#..#....@..# .....
#......g##..(#g..#.###a....
#######D##?(....g#.#.....!.
#.#..###.gDl..W......
#.>.## #...#..##.....
#......### #....#.## ...
#....... ........# .
#....... #########
#......##


You could see a steam dragon, an ogre, a centaur, an iguana and 3 gnolls.

Vanquished Creatures
  Eustachio (D:6)
  Menkaure (D:6)
  Duvessa (D:5)
  A sky beast (D:4)
  An ice beast (D:4)
  2 ogres
  2 centaurs (D:6)
  3 bullfrogs
  Dowan (D:5)
  2 crimson imps
  3 hounds
  2 bullfrog zombies
  An orc priest (D:5)
  2 orc wizards (D:4)
  2 iguanas (D:4)
  5 worker ants
  A hound zombie (D:5)
  A hound skeleton (D:6)
  A gnoll (D:7)
  12 adders
  A shadow imp (D:5)
  An ooze (D:4)
  An adder skeleton (D:5)
  2 adder zombies (D:5)
  3 worms
  4 dart slugs
  A leopard gecko (D:6)
  6 orcs
  8 bats
  3 bat zombies (D:3)
  6 giant cockroaches
  7 goblins
  6 hobgoblins
  13 jackals
  2 quokkas
  5 frilled lizards
  8 kobolds
  2 quokka zombies
  3 rats
  A rat zombie (D:3)
128 creatures vanquished.

Vanquished Creatures (collateral kills)
  A worm (D:2)
  A leopard gecko (D:2)
  A hobgoblin (D:2)
3 creatures vanquished.

Grand Total: 131 creatures vanquished

Notes
Turn   | Place    | Note
-------+----------+-------------------------------------------
     0 | D:1      | AlterAsc the Vine Stalker Transmuter began the quest for
                  | the Orb.
     0 | D:1      | Reached XP level 1. HP: 9/9 MP: 4/4
    75 | D:1      | Reached skill level 1 in Fighting
   462 | D:1      | Reached XP level 2. HP: 14/14 MP: 6/6
   485 | D:1      | Learned a level 2 spell: Sticks to Snakes
  1081 | D:1      | Reached XP level 3. HP: 18/18 MP: 5/7
  1426 | D:2      | Gained mutation: Your natural rate of healing is unusually
                  | fast. [Vine Stalker growth]
  1426 | D:2      | Reached XP level 4. HP: 4/22 MP: 3/9
  1494 | D:2      | Reached skill level 4 in Unarmed Combat
  1616 | D:2      | Reached XP level 5. HP: 19/26 MP: 8/10
  1677 | D:2      | Found a stormy altar of Qazlal.
  1682 | D:2      | Noticed an air elemental
  1693 | D:2      | Noticed a water elemental
  1693 | D:2      | Noticed a fire elemental
  2111 | D:3      | Found a hide-covered altar of Uskayaw.
  2282 | D:3      | Found a white marble altar of Elyvilon.
  2359 | D:3      | Found an ancient bone altar of Kikubaaqudgha.
  2612 | D:3      | Found a hazy altar of Hepliaklqana.
  2695 | D:4      | Found a shattered altar of Ashenzari.
  2725 | D:4      | Became a worshipper of Ashenzari the Shackled
  2784 | D:4      | Reached XP level 6. HP: 31/31 MP: 11/11
  2922 | D:4      | Reached skill level 5 in Unarmed Combat
  3186 | D:5      | Entered Level 5 of the Dungeon
  3310 | D:4      | Reached XP level 7. HP: 31/35 MP: 10/13
  3538 | D:5      | Noticed Dowan
  3540 | D:5      | Noticed Duvessa
  3784 | D:4      | Reached skill level 6 in Unarmed Combat
  3868 | D:4      | Gained mutation: You have razor-sharp teeth. [Vine Stalker
                  | growth]
  3868 | D:4      | Reached XP level 8. HP: 20/40 MP: 9/15
  3915 | D:5      | Killed Duvessa
  3954 | D:5      | Killed Dowan
  4285 | D:6      | Noticed Eustachio
  4324 | D:6      | Killed Eustachio
  4346 | D:6      | Reached skill level 7 in Unarmed Combat
  4366 | D:6      | Got the uncursed helmet "Ymyem" {rC+ rN+++}
  4372 | D:6      | Identified the +0 helmet "Ymyem" {rC+ rN+++} (You found it
                  | on level 6 of the Dungeon)
  4425 | D:6      | Found an ornate altar of the Wu Jian Council.
  4471 | D:6      | Reached skill level 1 in Armour
  4494 | D:6      | Reached skill level 5 in Spellcasting
  4554 | D:6      | Reached skill level 5 in Transmutations
  4642 | D:6      | Found a blossoming altar of Fedhas.
  4670 | D:6      | Reached XP level 9. HP: 23/46 MP: 13/17
  4795 | D:6      | Noticed Menkaure
  4806 | D:6      | Killed Menkaure
  4977 | D:7      | Mangled by an ogre

Levels and vault maps discovered:
D:1:      nicolae_arrival_washed_ashore, layout_loops_cross,
          hangedman_abyss_or_decor_lesser_grid
D:2:      layout_rooms, nicolae_qazlal_style_of_elements
D:3:      layout_loops_ring, eat_drink_and_be_merry_uskayaw,
          lemuel_coloured_pillars_altar, lemuel_zombie_altar_kikubaaqudgha,
          lemuel_doored_altar, kennysheep_generic_room_11
D:4:      layout_rooms, first_ration, lemuel_tele_altar
D:5:      layout_cave_pools, uniq_duvessa
D:6:      layout_cave_pools, lemuel_round_altar, nicolae_overflow_crystal_walls,
          minmay_misc_feat_ornament, minmay_crystal_water, skrybe_limestone_x,
          chequers_serial_rivers_micro_a, minmay_manual_mares, uniq_eustachio,
          uniq_menkaure
D:7:      layout_rooms, overflow_temple_1_default, temple_doors_cd,
          serial_shops, shop

Skill      XL: |  1  2  3  4  5  6  7  8 |
---------------+-------------------------+-----
Fighting       | 1 2 3 4 |  4.4
Unarmed Combat | 4 5 6 7 |  7.7
Spellcasting   | 3 4 5 |  5.4
Transmutations | 3 4 5 |  5.3
Armour         | 1 |  1.9
Dodging        | |  1.5

Action                   |  1- 3 |  4- 6 |  7- 9 || total
-------------------------+-------+-------+-------++-------
Melee: Unarmed           |    90 |   184 |   224 ||   498
       Bite              |    22 |    58 |    90 ||   170
       Kick              |     3 |    18 |     5 ||    26
       Headbutt          |     4 |    12 |     1 ||    17
       Punch             |     1 |     5 |     6 ||    12
 Cast: Beastly Appendage |    13 |    28 |     5 ||    46
       Sticks to Snakes  |     2 |     2 |       ||     4
Invok: Curse Item        |       |     1 |       ||     1
  Use: Scroll            |       |     4 |     4 ||     8
 Stab: Sleeping          |       |     1 |     1 ||     2
  Eat: Chunk             |     2 |     6 |     6 ||    14
Armor: Robe              |    17 |    29 |       ||    46
       Leather armour    |       |     5 |     4 ||     9
       Plate armour      |       |       |   125 ||   125
Dodge: Dodged            |    50 |   138 |    72 ||   260
